 Dungeon Sprint DCSS version 0.26-a0-712-ga5a9c9c9d0 (webtiles) character file.

Game seed: 18227129638228552468

2737 mhtbhm the Basher (level 9, 0/91 HPs)
             Began as a Minotaur Fighter on Oct 31, 2020.
             Was an Elder of Trog.
             Slain by a catoblepas (29 damage)
             ... in the Dungeon (Sprint IX: "|||||||||||||||||||||||||||||").
             The game lasted 00:01:51 (1175 turns).

mhtbhm the Basher (Minotaur Fighter)                Turns: 1175, Time: 00:01:52

Health: 0/91       AC: 15    Str: 27    XL:     9   Next: 40%
Magic:  8/8        EV: 12    Int:  5    God:    Trog [****..]
Gold:   29         SH: 13    Dex: 10    Spells: 8/8 levels left

rFire    . . .     SeeInvis .   a - +0 flail
rCold    . . .     Faith    .   c - +0 kite shield
rNeg     . . .     Spirit   .   b - +1 scale mail
rPois    .         Reflect  .   (helmet restricted)
rElec    .         Harm     .   (no cloak)
rCorr    .         Rampage  .   n - +0 pair of gloves
MR       .....     NoTele   +   m - +0 pair of boots
Stlth    ..........             (no amulet)
HPRegen  0.25/turn              o - +3 ring of strength
MPRegen  0.11/turn              p - +2 ring of protection

@: berserk cooldown, slowed, very slow
A: retaliatory headbutt, horns 2
a: Berserk, Trog's Hand, Brothers in Arms, Renounce Religion


You were in the Dungeon.
You worshipped Trog.
Trog was greatly pleased with you.
You visited 1 branch You collected 29 gold pieces.

Inventory:

Hand Weapons
 a - a +0 flail (weapon)
Armour
 b - a +1 scale mail (worn)
 c - a +0 kite shield (worn)
 m - a +0 pair of boots (worn)
 n - a +0 pair of gloves (worn)
Jewellery
 o - a +3 ring of strength (left hand)
 p - a +2 ring of protection (right hand)
Wands
 l - a wand of acid (8)
Scrolls
 j - 5 scrolls of blinking
 k - 3 scrolls of remove curse
 s - 2 scrolls of enchant weapon
 t - 2 scrolls of enchant armour
Potions
 d - a potion of might
 e - 5 potions of curing
 f - 4 potions of heal wounds
 g - 2 potions of haste
 h - 4 potions of magic
 i - a potion of invisibility
 q - a potion of mutation
 r - a potion of stabbing


   Skills:
 + Level 12.4 Fighting
 + Level 14.2 Maces & Flails
 + Level 12.1 Armour
 + Level 6.9 Dodging
 + Level 0.3 Stealth
 + Level 11.4 Shields
 + Level 1.2 Evocations


You had 8 spell levels left.
You didn't know any spells.
Your spell library was empty.

Dungeon Overview and Level Annotations

Branches:
Dungeon (1/1)

Altars:
Cheibriados
Dithmenos
Elyvilon
Fedhas
Gozag
Hepliaklqana
Kikubaaqudgha
Makhleb
Nemelex Xobeh
Okawaru
Qazlal
Ru
Sif Muna
Trog
Uskayaw
Vehumet
Wu Jian
Xom
Yredelemnul
Zin
The Shining One
Beogh
Jiyva
Lugonu


Innate Abilities, Weirdness & Mutations

You reflexively headbutt those who attack you in melee.
You have a pair of horns on your head.


Message History

The blast of calcifying dust hits you.
* * * LOW HITPOINT WARNING * * *
The catoblepas gores you.
The catoblepas breathes a plume of calcifying dust at you.
The blast of calcifying dust hits you.
* * * LOW HITPOINT WARNING * * *
You are engulfed in calcifying dust.
The catoblepas completely misses you.
You are engulfed in calcifying dust.
The wolf pauses to sniff the ground.
The catoblepas gores you.
* * * LOW HITPOINT WARNING * * *
You are engulfed in calcifying dust.
The catoblepas breathes a plume of calcifying dust at you.
The blast of calcifying dust hits you but does no damage.
You are engulfed in calcifying dust.
The catoblepas gores you!
* * * LOW HITPOINT WARNING * * *
You turn to flesh and can move again.
Unknown command.
You feel much better. The catoblepas gores you!!
You die...

▓_▓.▓
▓_▓.▓.▓
▓_▓.▓.▓
▓_▓.▓.▓
▓_▓.▓.▓
▓_▓.▓h▓
▓_▓.▓Y▓
▓_▓.▓Y▓
▓_▓.▓@▓
▓_▓.▓†▓
▓_▓.▓§▓
▓_▓.▓§▓
▓_▓.▓§▓
▓'▓.▓.▓
▓.▓.▓.▓
▓.▓.▓|▓
▓.▓.▓.▓


You could see a death yak, a catoblepas and a wolf.

Vanquished Creatures
  A two-headed ogre (D)
  A cane toad (D)
  A black mamba (D)
  A polar bear (D)
  2 blink frogs (D)
  A water moccasin (D)
  2 ice beasts (D)
  3 ogres (D)
  A phantom (D)
  2 centaurs (D)
  A scorpion (D)
  A wight (D)
  2 hounds (D)
  An iguana (D)
  An adder zombie (D)
  A leopard gecko (D)
  An orc (D)
  3 hobgoblins (D)
  A kobold (D)
  A bat (D)
28 creatures vanquished.

Notes
Turn   | Place    | Note
-------+----------+-------------------------------------------
     0 | D        | mhtbhm the Minotaur Fighter began the quest for the Orb.
     0 | D        | Reached XP level 1. HP: 19/19 MP: 0/0
    24 | D        | Banished a spatial maelstrom
   310 | D        | Noticed an ogre
   310 | D        | Noticed a hound
   310 | D        | Noticed a scorpion
   314 | D        | Killed a scorpion
   314 | D        | Reached skill level 5 in Fighting
   314 | D        | Reached skill level 4 in Maces & Flails
   314 | D        | Reached skill level 5 in Shields
   314 | D        | Reached XP level 2. HP: 30/30 MP: 1/1
   314 | D        | Reached XP level 3. HP: 37/37 MP: 2/2
   316 | D        | Reached skill level 1 in Dodging
   316 | D        | Reached XP level 4. HP: 44/44 MP: 3/3
   323 | D        | Killed an ogre
   323 | D        | Reached skill level 5 in Maces & Flails
   323 | D        | Reached XP level 5. HP: 52/52 MP: 4/4
   387 | D        | Found a roughly hewn altar of Beogh.
   387 | D        | Found a snail-covered altar of Cheibriados.
   387 | D        | Found a shadowy altar of Dithmenos.
   387 | D        | Found a white marble altar of Elyvilon.
   387 | D        | Found a blossoming altar of Fedhas.
   387 | D        | Found an opulent altar of Gozag.
   388 | D        | Found a hazy altar of Hepliaklqana.
   389 | D        | Found a viscous altar of Jiyva.
   390 | D        | Found an ancient bone altar of Kikubaaqudgha.
   391 | D        | Found a corrupted altar of Lugonu.
   392 | D        | Found a burning altar of Makhleb.
   393 | D        | Found a sparkling altar of Nemelex Xobeh.
   394 | D        | Found an iron altar of Okawaru.
   395 | D        | Found a stormy altar of Qazlal.
   396 | D        | Found a sacrificial altar of Ru.
   397 | D        | Found a shimmering blue altar of Sif Muna.
   398 | D        | Found a bloodstained altar of Trog.
   399 | D        | Found a hide-covered altar of Uskayaw.
   400 | D        | Found a radiant altar of Vehumet.
   401 | D        | Found an ornate altar of the Wu Jian Council.
   402 | D        | Found a shimmering altar of Xom.
   403 | D        | Found a basalt altar of Yredelemnul.
   404 | D        | Found a glowing silver altar of Zin.
   405 | D        | Found a glowing golden altar of the Shining One.
   408 | D        | Became a worshipper of Trog the Wrathful
   463 | D        | Noticed an ice beast
   463 | D        | Noticed a centaur
   463 | D        | Noticed an ogre
   463 | D        | Noticed an ice beast
   463 | D        | Noticed a phantom
   470 | D        | Killed an ice beast
   470 | D        | Reached skill level 6 in Maces & Flails
   470 | D        | Reached XP level 6. HP: 56/61 MP: 5/5
   477 | D        | Reached skill level 7 in Maces & Flails
   479 | D        | Reached * piety under Trog
   479 | D        | Reached skill level 8 in Maces & Flails
   485 | D        | Killed an ice beast
   485 | D        | Reached skill level 9 in Maces & Flails
   485 | D        | Reached skill level 10 in Armour
   485 | D        | Reached XP level 7. HP: 47/70 MP: 6/6
   491 | D        | Reached ** piety under Trog
   799 | D        | Noticed a two-headed ogre
   809 | D        | Killed a two-headed ogre
   809 | D        | Reached skill level 10 in Fighting
   809 | D        | Reached skill level 11 in Maces & Flails
   809 | D        | Reached skill level 5 in Dodging
   809 | D        | Reached skill level 10 in Shields
   809 | D        | Reached XP level 8. HP: 81/81 MP: 7/7
   812 | D        | Reached *** piety under Trog
   815 | D        | Reached skill level 12 in Maces & Flails
   973 | D        | Noticed a black mamba
   973 | D        | Noticed a polar bear
   973 | D        | Noticed a blink frog
   973 | D        | Noticed a blink frog
   973 | D        | Noticed a cane toad
   976 | D        | Noticed a catoblepas
   977 | D        | Killed a cane toad
   979 | D        | Killed a blink frog
   979 | D        | Reached **** piety under Trog
   979 | D        | Reached skill level 1 in Evocations
   979 | D        | Reached XP level 9. HP: 90/90 MP: 8/8
   981 | D        | Noticed a death yak
   982 | D        | Reached skill level 13 in Maces & Flails
   986 | D        | Killed a polar bear
   989 | D        | Killed a black mamba
   989 | D        | Reached skill level 14 in Maces & Flails
  1174 | D        | HP: 4/91 [catoblepas (8)]
  1175 | D        | Slain by a catoblepas

Illustrated notes

Levels and vault maps discovered:
D:        linesprint [early_d, line_temple, items_1, d_10, items_2, lair_1,
          lair_end, items_3, orc_1, orc_end, items_4, d_15, swamp_1, shoals_1,
          snake_1, spider_1, d_20, vaults_1, items_5, swamp_end, shoals_end,
          snake_end, spider_end, vaults_end, d_27, items_6, zot_1, zot_end,
          crypt_end, forest_end, elf_end, slime_end, tomb_end, abyss_end,
          pan_hell_end]

Skill      XL: |  1  2  3  4  5  6  7  8  9 |
---------------+----------------------------+-----
Armour         | 6 8 10 11 12 | 12.1
Fighting       | 5 6 7 8 9 10 11 12 | 12.4
Shields        | 5 6 7 8 9 10 11 | 11.4
Maces & Flails | 4 5 6 9 11 12 14 | 14.2
Dodging        | 1 2 3 5 6 |  6.9
Evocations     | 1 |  1.2
Stealth        | |  0.3

Action                   |  1- 3 |  4- 6 |  7- 9 || total
-------------------------+-------+-------+-------++-------
Melee: Flail             |    35 |    26 |    41 ||   102
       Headbutt          |     2 |     6 |    13 ||    21
Invok: Berserk           |       |       |     3 ||     3
Evoke: Wand              |       |     2 |       ||     2
  Use: Potion            |     1 |       |     1 ||     2
 Stab: Petrified         |       |       |     1 ||     1
Armor: Scale mail        |    10 |     3 |    14 ||    27
Dodge: Dodged            |    11 |     5 |    13 ||    29
Block: Kite shield       |    15 |    11 |     6 ||    32

Table legend: (Time is in decaauts)
 A = Elapsed time spent in this place.
 B = Non-inter-level travel time spent in this place.
 C = Inter-level travel time spent in this place.
 D = Time resting spent in this place.
 E = Time spent auto-exploring this place.
 F = Levels seen in this place.
 G = Mean time per level.
                   A        B        C        D        E       F      G
               +--------+--------+--------+--------+--------+-----+--------+
         Total |   1200 |   1200 |      0 |    837 |     78 |   1 | 1200.0 |
       Dungeon |   1200 |   1200 |      0 |    837 |     78 |   1 | 1200.0 |
               +--------+--------+--------+--------+--------+-----+--------+

Top non-repeatable levels by time:
       D: 1200 daAuts
